 Dungeon Crawl Stone Soup version 0.27-a0-1188-g73eefd5def (webtiles) character file.

Game seed: 12644805762986766780

83 quinnr the Gusty (level 4, 0/21 HPs)
             Began as a Vine Stalker Air Elementalist on May 20, 2021.
             Slain by an orc
             ... wielding a +0 club
              (4 damage)
             ... on level 3 of the Dungeon.
             The game lasted 00:06:55 (2095 turns).

quinnr the Gusty (Vine Stalker Air Elementalist)    Turns: 2095, Time: 00:06:56

Health: 0/21       AC:  2    Str: 10    XL:     4   Next: 44%
Magic:  0/9        EV: 12    Int: 16    God:
Gold:   76         SH:  0    Dex: 15    Spells: 5/8 levels left

rFire    . . .     SeeInvis .     - Unarmed
rCold    . . .     Faith    .   (no shield)
rNeg     . . .     Spirit   +   a - +0 robe
rPois    .         Reflect  .   (no helmet)
rElec    .         Harm     .   (no cloak)
rCorr    .         Rampage  .   (no gloves)
Will     .....                  (no boots)
Stlth    ++........             (no amulet)
HPRegen  1.07/turn              (no ring)
MPRegen  0.11/turn              (no ring)

@: attractive, hasted, very quick
A: fangs 2, regeneration 1, magic shield, antimagic bite, no potion heal 2
a: no special abilities


You were on level 3 of the Dungeon.
You visited 1 branch of the dungeon, and saw 3 of its levels.

You collected 76 gold pieces.

Inventory:

Missiles
 f - 22 stones
 h - 29 poisoned darts
 k - a throwing net
Armour
 a - a +0 robe (worn)
Scrolls
 b - a scroll of summoning {unknown}
 c - a scroll of teleportation {unknown}
 d - a scroll of amnesia {unknown}
 i - a scroll of identify {unknown}
Potions
 e - a potion of haste
 g - a potion of attraction
 j - a potion of heal wounds {unknown}
 l - a potion of flight {unknown}
 m - 2 potions of curing {unknown}


   Skills:
 - Level 1.0 Throwing
 - Level 1.5 Dodging
 - Level 2.4 Stealth
 - Level 1.0 Unarmed Combat
 + Level 2.8 Spellcasting
 + Level 1.8 Conjurations
 - Level 4.0 Air Magic


You had 5 spell levels left.
You knew the following spells:

 Your Spells              Type           Power      Damage    Failure   Level
a - Shock                 Conj/Air       44%        1d5       6%          1
b - Static Discharge      Conj/Air       11%        N/A       9%          2

Your spell library contained the following spells:

 Spells                   Type           Power      Damage    Failure   Level
 Swiftness                Air            15%        N/A       11%         3
 Airstrike                Air            7%         N/A       36%         4
 Lightning Bolt           Conj/Air       5%         1d17      85%         5


Dungeon Overview and Level Annotations

Branches:
Dungeon (3/15)

Altars:


Innate Abilities, Weirdness & Mutations

You have extremely sharp teeth.
Your natural rate of healing is unusually fast.
When hurt, damage is shared between your health and your magic reserves.
Your bite disrupts and absorbs the magic of your enemies.
Potions cannot restore your health.


Message History

Casting: Shock (safe; 6% risk of failure)
Confirm with . or Enter, or press ? or * to list all spells.
You don't have enough magic to cast this spell.
Things that are here:
a +0 short sword; a +1 dagger of speed; an orc corpse The orc hits you with a +0 war axe.
The orc hits you but does no damage.
You hit the orc but do no damage.
The orc is heavily wounded.
The orc hits you with a +0 war axe!
* * * LOW HITPOINT WARNING * * *
Unknown command.
The orc closely misses you.
Things that are here:
a +0 short sword; a +1 dagger of speed; an orc corpse The orc throws a boomerang.
The boomerang closely misses you.
You hit the orc but do no damage. Your bite misses the orc.
The orc is heavily wounded.
You closely miss the orc.
The orc is heavily wounded.
The orc closely misses you.
You closely miss the orc.
The orc is heavily wounded.
The orc hits you with a +0 club.
You closely miss the orc. You bite the orc, but do no damage.
The orc is heavily wounded.
You hit the orc but do no damage. Your bite misses the orc.
The orc is heavily wounded.
The orc hits you with a +0 club.
* * * LOW HITPOINT WARNING * * *
Casting: Shock (safe; 6% risk of failure)
Confirm with . or Enter, or press ? or * to list all spells.
Aiming: Shock (safe; 6% risk of failure)
Press: ? - help, Shift-Dir - straight line, f - orc
Aim: an orc, wielding a +0 club and wearing a +0 ring mail (heavily wounded, 72% to hit)
Okay, then.
Unknown command.
It was a potion of attraction.
You feel attractive to monsters. The orc hits you with a +0 club.
You die...

############ #
#..........# .#
#.########.##.## #.#
#####.#...##
#####.####..@oo.....#
#........#)###.#...##
#.##...#.#.#
#..).....
#.#......#†#
####.####
#........#.# .#
#.#......#.# #
#.##...#.#..
>........### #
####.#.##


You could see 2 orcs.

Vanquished Creatures
  An orc priest (D:3)
  A gnoll (D:1)
  An adder (D:2)
  2 orcs (D:3)
  2 bats
  3 endoplasms
  4 giant cockroaches (D:1)
  4 goblins
  4 hobgoblins
  3 jackals (D:3)
  2 kobolds
  3 ball pythons (D:1)
  2 rats
32 creatures vanquished.

Notes
Turn   | Place    | Note
-------+----------+-------------------------------------------
     0 | D:1      | quinnr the Vine Stalker Air Elementalist began the quest
                  | for the Orb.
     0 | D:1      | Reached XP level 1. HP: 9/9 MP: 4/4
   169 | D:1      | Reached XP level 2. HP: 13/13 MP: 0/6
   510 | D:1      | Reached skill level 1 in Unarmed Combat
   584 | D:1      | Found a faded altar of an unknown god.
   869 | D:1      | Reached XP level 3. HP: 16/16 MP: 5/7
  1265 | D:2      | Reached skill level 4 in Air Magic
  1518 | D:2      | Reached skill level 1 in Throwing
  1854 | D:2      | Learned a level 2 spell: Static Discharge
  2081 | D:3      | Gained mutation: Your natural rate of healing is unusually
                  | fast. [Vine Stalker growth]
  2081 | D:3      | Reached XP level 4. HP: 8/21 MP: 1/9
  2095 | D:3      | Slain by an orc

Illustrated notes

Levels and vault maps discovered:
D:1:      shiori_arrival_maze, layout_basic,
          chequers_ecumenical_altar_simple_redux
D:2:      layout_rooms
D:3:      layout_loops_corners, gammafunk_temple_overflow_statue,
          corexii_item_surrounded_by_moat, grunt_decor_mini_mirrors,
          chequers_arboretum

Skill      XL: |  1  2  3 |
---------------+----------+-----
Unarmed Combat | 1 |  1.0
Air Magic      | 4 |  4.0
Throwing       | 1 |  1.0
Dodging        | |  1.5
Stealth        | |  2.4
Spellcasting   | |  2.8
Conjurations   | |  1.8

Action                   |  1- 3 |  4- 6 || total
-------------------------+-------+-------++-------
Melee: Unarmed           |     8 |     8 ||    16
       Bite              |     2 |     1 ||     3
 Cast: Shock             |    59 |     1 ||    60
       Static Discharge  |     2 |       ||     2
  Use: Potion            |     1 |     1 ||     2
Armor: Robe              |     5 |     1 ||     6
Dodge: Dodged            |     9 |     4 ||    13

Table legend: (Time is in decaauts)
 A = Elapsed time spent in this place.
 B = Non-inter-level travel time spent in this place.
 C = Inter-level travel time spent in this place.
 D = Time resting spent in this place.
 E = Time spent auto-exploring this place.
 F = Levels seen in this place.
 G = Mean time per level.
                   A        B        C        D        E       F      G
               +--------+--------+--------+--------+--------+-----+--------+
         Total |   2088 |   1986 |    102 |     54 |   1724 |   3 |  696.0 |
       Dungeon |   2088 |   1986 |    102 |     54 |   1724 |   3 |  696.0 |
               +--------+--------+--------+--------+--------+-----+--------+

Top non-repeatable levels by time:
     D:1: 1241 daAuts
     D:2: 687 daAuts
     D:3: 159 daAuts
